 Dungeon Crawl Stone Soup version 0.27.0-1-g7a089689b8 (webtiles) character file.

Game seed: 5169290482449157884

826 freelancePsychic the Magician (level 8, -2/58 HPs)
             Began as a Djinni Necromancer on Aug 3, 2021.
             Was a Follower of Ru.
             Slain by a gnoll (6 damage)
             ... on level 5 of the Dungeon.
             The game lasted 00:07:50 (5296 turns).

freelancePsychic the Magician (Djinni Necromancer)  Turns: 5296, Time: 00:07:51

Health: -2/58      AC:  5    Str:  7    XL:     8   Next: 17%
Gold:   190        EV:  6    Int: 19    God:    Ru [*.....] SH:  0 Dex: 14

rFire    + + .     SeeInvis .   g - +0 dagger (venom)
rCold    x . .     Faith    .   (no shield)
rNeg     . . .     Spirit   .   a - +0 robe
rPois    ∞         Reflect  +   (no helmet)
rElec    .         Harm     .   (no cloak)
rCorr    .         Rampage  .   c - +2 pair of gloves
Will     .....                  (boots unavailable)
Stlth    ++........             k - amulet of reflection
HPRegen  0.19/turn              (no ring)
MPRegen  0.00/turn              (no ring)

@: unable to read, flying, held
A: sickness immunity, fire resistance 2, cold vulnerability 1, inability to read
while threatened, float, innate caster, hp casting, extra vitality 1
a: Renounce Religion


You were on level 5 of the Dungeon.
You worshipped Ru.
Ru was aware of your devotion.
You visited 2 branches of the dungeon, and saw 6 of its levels.

You collected 190 gold pieces.

Inventory:

Hand Weapons
 d - a +0 dagger
 g - a +0 dagger of venom (weapon)
Missiles
 i - 31 stones
Armour
 a - a +0 robe (worn)
 c - a +2 pair of gloves (worn)
 m - a +0 tower shield
Jewellery
 k - an amulet of reflection (around neck)
Scrolls
 b - 2 scrolls of vulnerability
 f - 4 scrolls of identify {@r1}
 h - 3 scrolls of teleportation {@r4}
 j - a scroll of enchant weapon {unknown}
 l - a scroll of silence
 o - 2 scrolls of enchant armour {unknown}
 p - 2 scrolls of noise {unknown}
Potions
 e - a potion of attraction
 n - 2 potions of lignification {unknown}
 q - 2 potions of flight {unknown}
 r - 2 potions of curing {unknown}


   Skills:
 + Level 4.7 Fighting
 - Level 2.1 Dodging
 - Level 1.5 Stealth
 * Level 6.3 Spellcasting


You couldn't memorise any spells.
You knew the following spells:

 Your Spells              Type           Power      Damage    Failure   Level
a - Sandblast             Erth           60%        2d14      1%          1
b - Animate Skeleton      Necr           60%        N/A       1%          1
c - Vampiric Draining     Necr           15%        2d8       2%          3
d - Animate Dead          Necr           15%        N/A       8%          4
e - Agony                 Necr           30%        N/A       22%         5
f - Pain                  Necr           100%       1d9       1%          1
g - Passwall              Tmut/Erth      25%        N/A       1%          2
h - Corpse Rot            Necr/Air       N/A        N/A       1%          2
Your spell library was empty.

Dungeon Overview and Level Annotations

Branches:
Dungeon (5/15)             Temple (1/1) D:4

Altars:
Ashenzari
Cheibriados
Elyvilon
Gozag
Hepliaklqana
Nemelex Xobeh
Okawaru
Ru
Uskayaw
Vehumet
Wu Jian
Yredelemnul
The Shining One

Annotations:
D:2 1 runed translucent door, Crazy Yiuf, Sigmund


Innate Abilities, Weirdness & Mutations

You are immune to sickness and miasma.
You are immune to poison.
Your flesh is very heat resistant. (rF++)
You are vulnerable to cold. (rC-)
You sometimes lose the ability to read scrolls when taking damage.
You float through the air rather than walking.
You learn spells naturally, not from books.
Your magical power is your life essence.
You have superior vitality. (+4 HP)


Message History

Confirm with . or Enter, or press ? or * to list all spells.
Aiming: Vampiric Draining (dangerous; 2% risk of failure)
Press: ? - help, Shift-Dir - straight line, f - gnoll
Aim: a gnoll, wielding a +0 spear You draw life force from the gnoll!
You feel life coursing into your body. The gnoll hits you with a +0 spear.
The gnoll closely misses you.
Casting: Vampiric Draining (dangerous; 2% risk of failure)
Confirm with . or Enter, or press ? or * to list all spells.
Aiming: Vampiric Draining (dangerous; 2% risk of failure)
Press: ? - help, Shift-Dir - straight line, f/p - gnoll
Aim: a gnoll, wielding a +0 spear (severely wounded)
You draw life force from the gnoll.
You kill the gnoll!
You feel life coursing into your body.
The gnoll throws a throwing net.
The throwing net hits you.
You become entangled in the net!
The gnoll hits you from afar with a +0 spear.
You struggle against the net.
The gnoll barely misses you. The gnoll closely misses you.
Casting: Vampiric Draining (dangerous; 2% risk of failure)
Confirm with . or Enter, or press ? or * to list all spells.
Aiming: Vampiric Draining (dangerous; 2% risk of failure)
Press: ? - help, Shift-Dir - straight line, f - gnoll
Aim: a gnoll, wielding a +0 club You draw life force from the gnoll.
You feel life coursing into your body.
The gnoll hits you from afar with a +0 spear.
The gnoll hits you with a +0 club.
You feel threatened and lose the ability to read scrolls!
The gnoll hits you from afar with a +0 spear.
You struggle against the net.
The gnoll hits you but does no damage.
The gnoll hits you from afar with a +0 spear.
* * * LOW HITPOINT WARNING * * *
The gnoll hits you with a +0 club.
* * * LOW HITPOINT WARNING * * *
You struggle against the net.
The gnoll hits you from afar with a +0 spear.
* * * LOW HITPOINT WARNING * * *
The gnoll hits you with a +0 club.
* * * LOW HITPOINT WARNING * * *
The gnoll hits you from afar with a +0 spear.
You die...

#.. #.# ##.. #..#
####..# .##.....###
.........<# #
#.#.##....######g####.
#....##.)@gg.....
#.....).###O###.#
#....#†........
#....#.........#
#....#.........#
...####.........# ...#
#......... ...
#......... ..
##########


You could see an ogre and 3 gnolls.

Vanquished Creatures
  2 ice beasts
  A black bear (D:4)
  A necrophage (D:3)
  An ogre (D:4)
  2 water moccasin skeletons (D:4)
  A howler monkey (D:4)
  A crimson imp (D:4)
  An orc priest (D:4)
  A jelly (D:5)
  A gnoll shaman (D:5)
  A hound skeleton (D:4)
  A gnoll (D:5)
  An adder (D:4)
  2 worms (D:2)
  2 dart slugs
  12 orcs
  3 bats
  4 endoplasms
  2 giant cockroaches
  5 goblins
  9 hobgoblins
  4 jackals
  9 kobolds
  4 quokkas
  6 ball pythons
  2 frilled lizards
  A goblin skeleton (D:4)
  2 goblin zombies (D:4)
  2 hobgoblin zombies (D:4)
  A kobold skeleton (D:4)
  2 kobold zombies (D:4)
  An orc zombie (D:4)
  5 rats
93 creatures vanquished.

Notes
Turn   | Place    | Note
-------+----------+-------------------------------------------
     0 | D:1      | freelancePsychic the Djinni Necromancer began the quest for
                  | the Orb.
     0 | D:1      | Reached XP level 1. HP: 15/15 MP: 0/0
   292 | D:1      | Reached XP level 2. HP: 14/22 MP: 0/0
   499 | D:1      | Found a faded altar of an unknown god.
   853 | D:1      | Reached skill level 1 in Fighting
  1168 | D:2      | Reached XP level 3. HP: 20/27 MP: 0/0
  1168 | D:2      | Learned a level 1 spell: Sandblast
  1517 | D:2      | Noticed Sigmund
  1537 | D:2      | Found a runed translucent door.
  1538 | D:2      | Noticed Crazy Yiuf
  3104 | D:3      | Reached XP level 4. HP: 30/32 MP: 0/0
  3112 | D:3      | Reached skill level 4 in Spellcasting
  3323 | D:3      | Noticed a necrophage
  3330 | D:3      | Killed a necrophage
  3331 | D:3      | Reached XP level 5. HP: 29/39 MP: 0/0
  3331 | D:3      | Learned a level 2 spell: Passwall
  3527 | D:3      | Found a sacrificial altar of Ru.
  3532 | D:3      | Became a worshipper of Ru the Awakened
  3843 | D:3      | Found a sparkling altar of Nemelex Xobeh.
  3952 | D:4      | Found a staircase to the Ecumenical Temple.
  3959 | Temple   | Entered the Ecumenical Temple
  3991 | D:4      | Found a white marble altar of Elyvilon.
  4023 | D:4      | Found a glowing golden altar of the Shining One.
  4089 | D:4      | Reached XP level 6. HP: 29/45 MP: 0/0
  4308 | D:4      | Reached skill level 5 in Spellcasting
  4474 | D:4      | Found a hazy altar of Hepliaklqana.
  4657 | D:4      | Reached XP level 7. HP: 44/50 MP: 0/0
  4657 | D:4      | Learned a level 2 spell: Corpse Rot
  4907 | D:4      | Reached skill level 6 in Spellcasting
  4907 | D:4      | Gained mutation: You sometimes lose the ability to read
                  | scrolls when taking damage. [Ru sacrifice]
  4907 | D:4      | Reached * piety under Ru
  5261 | D:5      | Entered Level 5 of the Dungeon
  5277 | D:5      | Reached XP level 8. HP: 47/58 MP: 0/0
  5296 | D:5      | Slain by a gnoll

Illustrated notes

Levels and vault maps discovered:
D:1:      dpeg_arrival_refuge, layout_rooms, shapermc_ecumenical_altar_venn
D:2:      layout_loops_corners, minmay_misc_feat_iff, minmay_split_cup_small,
          uniq_sigmund, uniq_crazy_yiuf_cottage
D:3:      layout_basic, lemuel_doored_altar, lemuel_tele_altar
D:4:      minmay_diamond_boxcup, layout_basic, nicolae_tso_besieged_by_evil,
          kennysheep_little_box, mainiacjoe_overflow_boulevard, temple_statues,
          serial_glass, glass_columns_a, glass_columns_a, glass_columns_a,
          glass_columns_c, glass_columns_a, glass_columns_b, glass_columns_b,
          glass_columns_c, glass_columns_a, glass_columns_b
D:5:      layout_rooms, serial_shops, shop, uniq_menkaure
Temple:   eino_narrow_crystal_temple

Skill      XL: |  1  2  3  4  5  6  7 |
---------------+----------------------+-----
Fighting       | 1 2 3 4 |  4.7
Spellcasting   | 4 5 6 |  6.3
Dodging        | |  2.1
Stealth        | |  1.5

Action                   |  1- 3 |  4- 6 |  7- 9 || total
-------------------------+-------+-------+-------++-------
Melee: Dagger            |     1 |    68 |     4 ||    73
 Cast: Pain              |    67 |     4 |       ||    71
       Vampiric Draining |     3 |    24 |    41 ||    68
       Sandblast         |       |    20 |       ||    20
Invok: Sacrifice Words   |       |       |     1 ||     1
  Use: Scroll            |     5 |       |       ||     5
 Stab: Sleeping          |       |     2 |     2 ||     4
Armor: Robe              |     7 |    44 |     7 ||    58
Dodge: Dodged            |     7 |    56 |    20 ||    83
Block: Other             |     1 |    20 |     7 ||    28
